Cogmind - Beta 9.4 @@@ ROGUE MODE // 2020.01.10 @ 01:33:38 // Winter2019/RPGLIKE Player: Rumbl3 Result: Destroyed by G-47 Trooper with Particle Gun Performance ------------- Evolutions (3) 1500 Regions Visited (7) 1400 Robots Destroyed (57) 285 Value Destroyed (1861) 1861 Prototype IDs (2) 40 Alien Tech Used (0) 0 Bonus (1088) 1088 TOTAL SCORE: 6174 Bonus ------- High Alert Combat Kills 173 Follower Combat Kills 215 Entered Garrisons 200 Used RIF Installer 500 Cogmind --------- Core Integrity 0/600 Matter 291/300 Energy 192/265 System Corruption 0% Temperature Cool (13) Movement Treading (160) Location -7/Factory Parts ------- > --- POWER (1) -------- Improved Ion Engine > --- PROPULSION (2) --- Light Treads Light Treads > --- UTILITY (6) ------ Improved Heat Sink Experimental Sensor Array Long-range Terrain Scanner Improved Targeting Computer Particle Charger Hardened Medium Armor Plating > --- WEAPON (3) ------- Improved Medium Laser Improved Medium Laser Heavy Assault Rifle > --- INVENTORY (4) ---- Relay Coupler [Swarmer] (70) Relay Coupler [Duelist] (42) Improved Grenade Launcher Katana Peak State ------------ > --- POWER ------------ Improved Ion Engine > --- PROPULSION ------- Light Treads Light Treads > --- UTILITY ---------- Improved Heat Sink Experimental Sensor Array Long-range Terrain Scanner Improved Targeting Computer Particle Charger Hardened Medium Armor Plating > --- WEAPON ----------- Improved Medium Laser Improved Medium Laser Heavy Assault Rifle > --- INVENTORY -------- Relay Coupler [Swarmer] Relay Coupler [Duelist] Rocket Launcher Katana [Rating: 34] Favorites ----------- Power Ion Engine Engine Ion Engine Propulsion Wheel Treads Light Treads Leg Aluminum Leg Wheel Wheel Flight Unit Xenon Bombardment Thruster Utility Experimental Sensor Array Device Experimental Sensor Array Processor Improved Targeting Computer Protection Hardened Medium Armor Plating Weapon Particle Gun Energy Gun Particle Gun Ballistic Gun Light Assault Rifle Launcher Rocket Launcher Build | -11 -10 -10 -10 -9 -8 -8 -7 ------- Run | Scr Mat Min Exi Min Mat Gar Fac Slots Evolved 8 | 3 . . . 1 1 3 . Power . | . . . . . . . . Propulsion 1 | 1 . . . . . . . Utility 5 | 1 . . . 1 1 2 . Weapon 2 | 1 . . . . . 1 . Parts Attached 31 | 5 1 1 . 8 5 9 2 Power 1 | . . . . . . 1 . Engine 1 | . . . . . . 1 . Core . | . . . . . . . . Reactor . | . . . . . . . . Propulsion 7 | 2 . . . 1 2 2 . Treads 4 | . . . . . 2 2 . Leg . | . . . . . . . . Wheel 2 | 2 . . . . . . . Hover . | . . . . . . . . Flight 1 | . . . . 1 . . . Utility 10 | 2 . . . 4 2 2 . Device 7 | 1 . . . 3 1 2 . Storage . | . . . . . . . . Processor 2 | 1 . . . 1 . . . Hackware . | . . . . . . . . Protection 1 | . . . . . 1 . . Artifact . | . . . . . . . . Weapon 13 | 1 1 1 . 3 1 4 2 Energy Gun 6 | 1 . 1 . . . 2 2 Energy Cannon . | . . . . . . . . Ballistic Gun 4 | . 1 . . 1 1 1 . Ballistic Cannon . | . . . . . . . . Launcher 3 | . . . . 2 . 1 . Special Weapon . | . . . . . . . . Impact Weapon . | . . . . . . . . Slashing Weapon . | . . . . . . . . Piercing Weapon . | . . . . . . . . Special Melee Weapon . | . . . . . . . . Unidentified Prototypes 2 | . . . . 1 . . 1 Parts Lost . | . . . . . . . . Power . | . . . . . . . . Propulsion . | . . . . . . . . Utility . | . . . . . . . . Weapon . | . . . . . . . . Highest Loss Streak . | . . . . . . . . Average Slot Usage (%) 100 | . 100 100 100 100 100 100 100 Engine 11 | . 14 14 14 12 11 9 8 Treads 6 | . . . . . 5 18 16 Wheel 14 | . 28 28 28 15 9 . . Flight 2 | . . . . 9 7 . . Device 23 | . 14 14 14 29 29 27 33 Processor 10 | . 14 14 14 6 11 9 8 Protection 3 | . . . . . 2 9 8 Energy Gun 14 | . 15 14 14 12 11 17 16 Ballistic Gun 10 | . 12 14 14 8 7 9 8 Launcher 1 | . . . . 4 3 . . Naked Turns . | . . . . . . . . Heaviest Build 31 | 9 9 10 10 16 20 30 31 Greatest Support 50 | 25 25 25 25 25 50 50 50 Greatest Overweight (x) . | . . . . . . . . Average Overweight (x) . | . . . . . . . . Largest Inventory Capacity 4 | 2 2 3 3 3 3 4 4 Average Capacity 3 | 2 2 2 3 3 3 3 4 Most Carried 4 | 2 2 3 3 3 3 4 4 Average Carried 3 | . 2 2 3 2 2 3 3 Final Capacity 4 | 2 2 3 3 3 3 4 4 Final Carried 4 | 2 2 3 3 3 3 4 4 Class Distribution -------------------- 42% | Mutant 15% | Scavenger-Skirmisher 15% | Scout 12% | Scavenger-Gunner 11% | Skirmisher Dominant Class ---------------- Mutant | -10/Materials Mutant | -10/Mines Mutant | -10/Exiles Scout | -9/Mines Skirmisher | -8/Materials Scavenger-Skirmisher | -8/Garrison Scavenger-Gunner | -7/Factory Resources | -11 -10 -10 -10 -9 -8 -8 -7 ----------- Run | Scr Mat Min Exi Min Mat Gar Fac Matter Collected 804 | 250 25 39 . 168 85 211 26 Remotely . | . . . . . . . . Salvage Created 1764 | 163 228 135 . 139 44 902 153 Parts 106 | 14 13 24 . 7 3 40 5 Haulers Intercepted . | . . . . . . . . Recyclers Shooed 3 | . 1 1 . . 1 . . Parts Field Recycled . | . . . . . . . . Retrieved Matter . | . . . . . . . . Parts Self-Destructed . | . . . . . . . . Prevented . | . . . . . . . . Kills | -11 -10 -10 -10 -9 -8 -8 -7 ------- Run | Scr Mat Min Exi Min Mat Gar Fac Combat Hostiles Destroyed 47 | . 7 11 . 7 1 19 2 Guns 38 | . 7 11 . 2 . 16 2 AOE 9 | . . . . 5 1 3 . Classes Destroyed 7 | 2 3 . . . . 2 . Worker 1 | . 1 . . . . . . Tunneler 5 | 4 . 1 . . . . . Recycler 4 | 1 . 1 . 2 . . . Swarmer 20 | . 3 9 . 5 . 3 . Grunt 15 | . 4 2 . 2 1 5 1 Duelist 1 | . . . . . . 1 . Sentry 11 | . . . . . . 10 1 Best Kill Streak 7 | 3 5 4 . 4 1 7 1 Combat Bots Only 7 | . 5 3 . 3 1 7 1 Max Kills in Single Turn 2 | 1 2 2 . 2 1 2 1 Gunslinging 1 | . 1 1 . . . . . Exploded 2 | . . . . 1 1 2 . Melee . | . . . . . . . . Uniques/NPCs Destroyed . | . . . . . . . . Combat | -11 -10 -10 -10 -9 -8 -8 -7 -------- Run | Scr Mat Min Exi Min Mat Gar Fac Damage Taken 2168 | . 134 297 . 344 226 1091 76 Core 1607 | . 109 234 . 269 190 757 48 Absorbed by Shields . | . . . . . . . . Redirected to Core 1290 | . 81 200 . 246 129 592 42 Core Remaining (%) 69 | 100 . . . 100 . 7 . Volleys Fired 136 | 8 15 29 . 20 13 46 5 Largest 3 | 2 2 2 . 2 2 3 3 Hottest 138 | 90 70 85 . 98 98 138 135 Shots Fired 304 | 16 30 58 . 34 24 127 15 Gun 293 | 16 30 58 . 27 22 125 15 Cannon . | . . . . . . . . Launcher 11 | . . . . 7 2 2 . Special . | . . . . . . . . Kinetic 116 | . 15 29 . 13 11 43 5 Thermal 177 | 16 15 29 . 14 11 82 10 Explosive 11 | . . . . 7 2 2 . Electromagnetic . | . . . . . . . . Robot Hit Streak 35 | 10 12 13 . 6 4 31 35 Robot Miss Streak 8 | 2 5 4 . 8 3 3 1 Penetration Max . | . . . . . . . . Secondary Targets 9 | . 1 4 . . . 4 . Max Gunslinging Chain 1 | . 1 1 . . . 1 . Shots Hit Robots 215 | 10 21 36 . 16 16 104 12 Core Hits 106 | 6 14 19 . 19 3 40 5 Critical Hits 2 | . . . . . . 2 . Critical Kills 1 | . . . . . . 1 . Critical Parts Destroyed 1 | . . . . . . 1 . Melee Attacks . | . . . . . . . . Impact . | . . . . . . . . Slashing . | . . . . . . . . Piercing . | . . . . . . . . Sneak Attacks . | . . . . . . . . Combat Hostiles . | . . . . . . . . Follow-up Attacks . | . . . . . . . . Damage Inflicted 3533 | 118 217 460 . 754 244 1546 194 Guns 2727 | 118 217 460 . 181 210 1347 194 Cannons . | . . . . . . . . Explosions 806 | . . . . 573 34 199 . Melee . | . . . . . . . . Ramming . | . . . . . . . . Kinetic 752 | . 68 123 . 55 51 412 43 Thermal 1975 | 118 149 337 . 126 159 935 151 Explosive 806 | . . . . 573 34 199 . Electromagnetic . | . . . . . . . . Impact . | . . . . . . . . Slashing . | . . . . . . . . Piercing . | . . . . . . . . Highest Corruption . | . . . . . . . . Average Corruption . | . . . . . . . . Corruption Purged . | . . . . . . . . Overload Shots . | . . . . . . . . Overflow Damage 48 | . . . . 46 . 2 . Projectiles . | . . . . . . . . Explosions 48 | . . . . 46 . 2 . Melee . | . . . . . . . . Knockbacks . | . . . . . . . . Impact . | . . . . . . . . Kinetic . | . . . . . . . . Secondary . | . . . . . . . . Self-Inflicted Damage 84 | . . . . 84 . . . Shots 2 | . . . . 2 . . . Rammed . | . . . . . . . . Targets Rammed . | . . . . . . . . Kicked . | . . . . . . . . Crushed . | . . . . . . . . Highest Temperature 285 | 150 166 232 . 179 181 285 18 Average Temperature 69 | 65 61 81 . 71 84 62 8 Received Heat Transfer 774 | . 63 54 . 96 81 441 39 Siege Activations . | . . . . . . . . Robots Corrupted . | . . . . . . . . Combat Hostiles . | . . . . . . . . Parts Fried . | . . . . . . . . Impact Corruptions . | . . . . . . . . Robots Melted . | . . . . . . . . Combat Hostiles . | . . . . . . . . Parts Melted 4 | . 1 1 . 1 . 1 . Heat Transferred 5001 | 322 444 851 . 296 370 2422 296 Parts Sabotaged . | . . . . . . . . Parts Stolen . | . . . . . . . . Parts Stripped . | . . . . . . . . Power Chain Reactions . | . . . . . . . . Missiles Intercepted . | . . . . . . . . Alert | -11 -10 -10 -10 -9 -8 -8 -7 ------- Run | Scr Mat Min Exi Min Mat Gar Fac Peak Influence 785 | 25 213 367 . 225 254 785 477 Average Influence 276 | 11 124 189 . 120 130 520 424 Maximum Alert Level 3 | . 1 1 . 1 1 3 2 Low Security (%) 47 | 100 79 60 . 72 80 12 . Level 1 22 | . 20 39 . 27 19 15 . Level 2 22 | . . . . . . 48 100 Level 3 6 | . . . . . . 23 . Level 4 . | . . . . . . . . Level 5 . | . . . . . . . . High Security . | . . . . . . . . Max Security . | . . . . . . . . Squads Dispatched 8 | . 2 . . 1 4 . 1 Investigation 2 | . 1 . . 1 . . . Extermination . | . . . . . . . . Reinforcement 3 | . 1 . . . 1 . 1 Assault . | . . . . . . . . Garrison 3 | . . . . . 3 . . Intercept . | . . . . . . . . Construction Impeded . | . . . . . . . . Haulers Reinforced . | . . . . . . . . Stealth | -11 -10 -10 -10 -9 -8 -8 -7 --------- Run | Scr Mat Min Exi Min Mat Gar Fac Distress Signals 3 | . 3 . . . . . . Communications Jammed . | . . . . . . . . Distress Signals . | . . . . . . . . Times Spotted 67 | . 14 11 . 9 9 20 4 Peak Tracking Total 6 | . 4 3 . 3 3 6 3 Tactical Retreats 3 | . 1 . . 1 . 1 . Traps | -11 -10 -10 -10 -9 -8 -8 -7 ------- Run | Scr Mat Min Exi Min Mat Gar Fac Traps Triggered . | . . . . . . . . Indirectly . | . . . . . . . . Trap Hack Attempts . | . . . . . . . . Triggered . | . . . . . . . . Disarmed . | . . . . . . . . Reprogrammed . | . . . . . . . . Reused . | . . . . . . . . Traps Extracted . | . . . . . . . . Installed . | . . . . . . . . Triggered . | . . . . . . . . Machines | -11 -10 -10 -10 -9 -8 -8 -7 ---------- Run | Scr Mat Min Exi Min Mat Gar Fac Machines Disabled 3 | . . . . 1 . 2 . Max in Single Turn 1 | . . . . 1 . 1 . Garrison Relay 2 | . . . . . . 2 . Machines Sabotaged . | . . . . . . . . Garrisons Compromised . | . . . . . . . . Overloaded Fab Kills . | . . . . . . . . Fab Network Shutdowns . | . . . . . . . . Hacking | -11 -10 -10 -10 -9 -8 -8 -7 --------- Run | Scr Mat Min Exi Min Mat Gar Fac Machines Accessed 6 | . 2 . . 1 2 . 1 Terminals 4 | . 2 . . . 1 . 1 Fabricators . | . . . . . . . . Repair Stations . | . . . . . . . . Recycling Units . | . . . . . . . . Scanalyzers . | . . . . . . . . Garrison Access 1 | . . . . . 1 . . Total Hacks 16 | . 8 . . 1 5 . 2 Successful 10 | . 7 . . 1 2 . . Failed 6 | . 1 . . . 3 . 2 Catastrophic 2 | . . . . . 1 . 1 Database Lockouts . | . . . . . . . . Manual 12 | . 5 . . . 5 . 2 Terminals 14 | . 8 . . . 4 . 2 Fabricators . | . . . . . . . . Repair Stations . | . . . . . . . . Recycling Units . | . . . . . . . . Scanalyzers . | . . . . . . . . Garrison Access 1 | . . . . . 1 . . Terminal Hacks 4 | . 3 . . 1 . . . Open Door 1 | . . . . 1 . . . Branch Access Points 1 | . 1 . . . . . . Terminal Index 1 | . 1 . . . . . . Locate Traps 1 | . 1 . . . . . . Fabricator Hacks . | . . . . . . . . Repair Station Hacks . | . . . . . . . . Recycling Unit Hacks . | . . . . . . . . Scanalyzer . | . . . . . . . . Garrison Access Hacks 1 | . . . . . 1 . . Unlock Access 1 | . . . . . 1 . . Unauthorized Hacks 15 | . 8 . . . 5 . 2 Terminals 5 | . 4 . . . 1 . . Assimilate 1 | . 1 . . . . . . Botnet 3 | . 2 . . . 1 . . Operators 1 | . 1 . . . . . . Fabricators . | . . . . . . . . Repair Stations . | . . . . . . . . Recycling Units . | . . . . . . . . Scanalyzers . | . . . . . . . . Garrison Access . | . . . . . . . . Data Cores Recovered . | . . . . . . . . Used . | . . . . . . . . Hacking Detections 3 | . 1 . . . 1 . 1 Full Trace Events 1 | . 1 . . . . . . Feedback Events . | . . . . . . . . Feedback Blocked . | . . . . . . . . Robot Schematics Acquired . | . . . . . . . . Robots Built . | . . . . . . . . Matter . | . . . . . . . . Time . | . . . . . . . . Total Robot Build Rating . | . . . . . . . . Part Schematics Acquired . | . . . . . . . . Parts Built . | . . . . . . . . Matter . | . . . . . . . . Time . | . . . . . . . . Total Part Build Rating . | . . . . . . . . Parts Repaired . | . . . . . . . . Time . | . . . . . . . . Parts Recycled . | . . . . . . . . Recycled Matter . | . . . . . . . . Retrieved Matter . | . . . . . . . . Retrieved Components . | . . . . . . . . Parts Scanalyzed . | . . . . . . . . Part Schematics Acquired . | . . . . . . . . Parts Damaged . | . . . . . . . . Bothacking | -11 -10 -10 -10 -9 -8 -8 -7 ------------ Run | Scr Mat Min Exi Min Mat Gar Fac Used RIF Installer 1 | . . . . . . 1 . Robots Hacked . | . . . . . . . . Non-combat . | . . . . . . . . Combat . | . . . . . . . . Robot Hacks Applied . | . . . . . . . . Relay Couplers Released 3 | . . . . . . 3 . Machine Destruction 3 | . . . . . . 3 . Robots Rewired . | . . . . . . . . Allies Hacked . | . . . . . . . . Hacks Repelled . | . . . . . . . . Allies | -11 -10 -10 -10 -9 -8 -8 -7 -------- Run | Scr Mat Min Exi Min Mat Gar Fac Total Allies 4 | . 1 . . 3 . . . Largest Group 4 | . 1 1 1 4 4 1 . Highest-Rated Group 81 | . 10 10 10 81 81 28 . Highest-Rated Ally 31 | . 10 10 10 31 31 28 . Total Orders 13 | . 4 3 . 5 1 . . STAY 2 | . . . . 2 . . . GOTO 6 | . 2 2 . 1 1 . . FOLLOW 5 | . 2 1 . 2 . . . Ally Attacks 26 | . . . . 9 15 2 . Total Damage 466 | . . . . 127 295 44 . Kills 7 | . . . . 1 6 . . Allies Corrupted . | . . . . . . . . Allies Melted . | . . . . . . . . Intel | -11 -10 -10 -10 -9 -8 -8 -7 ------- Run | Scr Mat Min Exi Min Mat Gar Fac Robot Analysis Total . | . . . . . . . . Derelict Logs Recovered 3 | . . 2 . 1 . . . Drone Launches . | . . . . . . . . Drone Recoveries . | . . . . . . . . Exploration | -11 -10 -10 -10 -9 -8 -8 -7 ------------- Run | Scr Mat Min Exi Min Mat Gar Fac Turns Passed 2234 | 68 177 603 45 412 115 617 197 Spaces Moved 1762 | 22 156 611 55 499 68 253 98 Core . | . . . . . . . . Treads 364 | . . . . . 13 253 98 Legs 4 | 4 . . . . . . . Wheels 973 | 18 156 611 55 91 42 . . Hover . | . . . . . . . . Flight 421 | . . . . 408 13 . . Fastest Speed 45 | 80 80 80 80 45 45 160 160 Average Speed 88 | 87 80 80 80 51 88 160 160 Slowest Speed 160 | 120 80 80 80 80 160 160 160 Overloaded Moves . | . . . . . . . . Propulsion Burnouts . | . . . . . . . . Robots Hopped . | . . . . . . . . Cave-ins Triggered . | . . . . . . . . Exploration Rate (%) 32 | 3 31 95 10 61 7 45 4 Regions Visited 7 Branch Regions 3 Pre-discovered Areas 2 | . . 1 . 1 . . . Known Exits Taken 2 | . 1 . . . 1 . . Unknown Exits Taken 4 | 1 . 1 1 1 . . . Scrap Searched 2 | . . 1 . 1 . . . Spaces Dug . | . . . . . . . . Terrain Destroyed 85 | . . . . 49 28 8 . Melee . | . . . . . . . . Projectile . | . . . . . . . . AOE 85 | . . . . 49 28 8 . Actions | -11 -10 -10 -10 -9 -8 -8 -7 --------- Run | Scr Mat Min Exi Min Mat Gar Fac Total 2185 | 53 180 674 55 622 101 371 129 Wait 173 | 15 1 15 1 70 4 47 20 Move 1754 | 21 155 610 54 498 67 251 98 Hop . | . . . . . . . . Pick Up 10 | 2 . 3 . 1 . 3 1 Fast Attach 17 | 5 1 . . 4 4 1 2 Attach 2 | . . . . . . 2 . Detach 5 | 1 . . . 2 2 . . Swap 12 | . . 1 . 4 1 6 . Drop 19 | 1 1 3 . 4 3 4 3 Fire 136 | 8 15 29 . 20 13 46 5 Melee . | . . . . . . . . Ram . | . . . . . . . . Kick . | . . . . . . . . Crush . | . . . . . . . . Escape Stasis . | . . . . . . . . Rewire . | . . . . . . . . Trap . | . . . . . . . . Miscellaneous 57 | . 7 13 . 19 7 11 . Route ------- -11/Scrapyard -10/Materials (discovered 2 exits: *Min x2) -10/Mines (discovered 3 exits: [*Mat x2] / [*Exi]) -10/Exiles -9/Mines (discovered 2 exits: *Mat x2) -8/Materials (discovered 2 exits: Fac / Gar) -8/Garrison -7/Factory (discovered 1 exit: [*Low]) History --------- Turn | Location | Event 1 | -11/Scrapyard | Upgraded with Propulsion slot (x1) 1 | -11/Scrapyard | Upgraded with Utility slot (x1) 1 | -11/Scrapyard | Upgraded with Weapon slot (x1) 1 | -11/Scrapyard | Discovered new exit (range 1) 69 | -11/Scrapyard | Entered Materials 175 | -10/Materials | Identified exit to Mines 246 | -10/Materials | Entered Mines 246 | -10/Mines | Accompanied by 1 ally 252 | -10/Mines | Reached level 2 301 | -10/Mines | Deemed a non-threat by the Exiles lab entrance 301 | -10/Mines | Discovered new exit (range 5) 309 | -10/Mines | Build established: Mutant 381 | -10/Mines | Discovered new exit (range 9) 453 | -10/Mines | Received a Rocket Launcher from a helpful Derelict 481 | -10/Mines | Learned location of 1 exit from Materials 591 | -10/Mines | Discovered new exit (range 4) 677 | -10/Mines | Learned location of Recycling (-8) 849 | -10/Mines | Entered Exiles 849 | -10/Exiles | Accompanied by 1 ally 869 | -10/Exiles | Met 8R-AWN 882 | -10/Exiles | Discovered new exit (range 15) 894 | -10/Exiles | Entered Mines 894 | -9/Mines | Accompanied by 1 ally 896 | -9/Mines | Reached level 3 941 | -9/Mines | Found a damaged Exp. Sensor Array with a note attached 944 | -9/Mines | Upgraded with Utility slot (x1) 944 | -9/Mines | Found Prototype Device 944 | -9/Mines | Identified Exp. Sensor Array 978 | -9/Mines | Met a Derelict shopkeep closing up shop 995 | -9/Mines | Discovered new exit (range 16) 1067 | -9/Mines | Received a Mining Laser from a helpful Derelict 1097 | -9/Mines | Discovered new exit (range 15) 1282 | -9/Mines | Build established: Scout 1306 | -9/Mines | Entered Materials 1306 | -8/Materials | Accompanied by 4 allies 1307 | -8/Materials | Identified exit to Factory 1308 | -8/Materials | Reached level 4 1311 | -8/Materials | Upgraded with Utility slot (x1) 1312 | -8/Materials | Led the pair of lost Derelicts to an unsafe place 1337 | -8/Materials | Reached level 5 1412 | -8/Materials | Identified exit to Garrison 1421 | -8/Materials | Entered Garrison 1421 | -8/Garrison | Accompanied by 1 ally 1423 | -8/Garrison | Reached level 6 1462 | -8/Garrison | Triggered checkpoint 1476 | -8/Garrison | Upgraded with Weapon slot (x1) 1556 | -8/Garrison | Upgraded with Utility slot (x1) 1593 | -8/Garrison | Garrison Relay disabled 1662 | -8/Garrison | Triggered checkpoint 1686 | -8/Garrison | Reached level 7 1720 | -8/Garrison | Destroyed 7 combat bots 1722 | -8/Garrison | Triggered checkpoint 1748 | -8/Garrison | Triggered checkpoint 1830 | -8/Garrison | Triggered checkpoint 1852 | -8/Garrison | Core integrity fell below 50% 1894 | -8/Garrison | Garrison Relay disabled 1897 | -8/Garrison | Upgraded with Utility slot (x1) 1918 | -8/Garrison | Build established: Scavenger-Skirmisher 1919 | -8/Garrison | Discovered exit to Factory (range 24) 1936 | -8/Garrison | Triggered checkpoint 1943 | -8/Garrison | Core integrity fell below 20% 1992 | -8/Garrison | Installed Relay Interface Framework 1992 | -8/Garrison | Reached level 8 2038 | -8/Garrison | Entered Factory 2039 | -7/Factory | Core integrity fell below 50% 2039 | -7/Factory | Core integrity fell below 20% 2040 | -7/Factory | Reached level 9 2121 | -7/Factory | Discovered new exit (range 22) 2235 | -7/Factory | Destroyed by G-47 Trooper with Particle Gun Last Messages --------------- LOCATION=FACTORY GOAL=ESCAPE 02040_ Reached level 9. 02121_ EXIT=FOUND 02122_ Dropped Particle Gun. 02122_ Acquired Prototype Energy Gun. 02122_ Identified Imp. Medium Laser. 02125_ Dropped Med. Laser. 02126_ Acquired Imp. Medium Laser. 02138_ K-01 Serf cleans the Subcomponent Replicator. 02140_ Dropped Rocket Launcher. 02142_ Acquired Imp. Grenade Launcher. 02151_ Connecting with Terminal... 02186_ Y-54 Guardian destroyed. 02192_ Acquired 26 matter. 02193_ K-01 Serf collects debris. 02210_ O-16 Technician: "IFF HANDSHAKE FAILED. SECURING TERMINAL." 02218_ ALERT: Hostiles spotted, dispatching reinforcements to Terminal F011. 02231_ G-47 Trooper destroyed. Map ----- +----------------------------------------------------+ | ?? ? ## # ? # ############ | | ??? """ ###??### # ##########?# | | ??? """ ? # # ############ | | ?? """ ? ############## ##########?# | | ?? ? ? ? # # ]]! # ###########? | | #? """ # #" ]]! # ############ | | ## ? """ # #" ! # ############ | | ## """ + """" #" # | | ? # """" #T ? # ^ | | """ # """" #" + ] ^ | | ? """ ### """" #" """ # [ | | """ ### """" #" """"" ? #[ ! ^ | | ### """? # """"" #[ ![=! ####### | | ? ### # #[[! =! # | | ### ? # # ! # | | ? #?######+# # # """ " | | ?? ######## ###/########## + """ " | | """ ######## ###%########## ###### """ " | | ?""" ######## ### ########## ###### "" | | """ # # ### ##################### "" | | ? # # ### ##################### | | # + ### ## ############# | | ?#### # # # [ ######### ### | | ### # # u#! ] ############# | | ### # # =g% #### | | #?#? ########### #@ #### """ """ | | ?"### ########### ################# """ """ | | "?###? ?######### ############### ""? """ | | ?"### ######### # | | ??##? ? ? # """ """ | | ??### < + """ """ | | ??##?? # """ """ | | ??????# ###+####### # | | ???###? # ## ###+######### # """ ??"? | | ??#?### ? """ ########## #### # "?" """ | | ????#?# # Y" ##########""" ? ##?? # ?"" ""? | | ????### ? "?" ##?##?####""? ##?# # ?? | | ????? ? ? ? ?###""" ???#?######+#?# | | ???? ???###??#??## ?###? #### ###### #?? | | ??????# ?#####? #? """ ###"?? ??## ? ###?# ? ? | | ????????? ? ???+? ??? #?#"???? #?# T ?? +?? | | ???????? ? ##?? # """ ###""" ??### ? ##????# ? | | ????????? #?##? # ? ? ### ? ?#?#???##??# #? | | ???????? ?##?#???#?########??##???####?#???????? | | ???????????####???#?##?#??????? ??#???????#?? | | ????????????####??######??#?## ?????????????? | | ????????????#?##?#???##? ? ? ?? ??????????#?? | | ?????????????????####?#? ??### ? ???????????????? | | ???????????????? ###???#??#??#????+??????????????? | | ?????????????????#?#???#????#????????????????????? | +----------------------------------------------------+ Best States ------------- Heat Dissipation 57 Energy Generation 12 Energy Capacity 265 Matter Stores 300 Matter Capacity 300 Sight Range 16 Robot Scan Range 32 Terrain Scan Range 24 Terrain Scan Density 360 Armor Coverage 225 Resistance: KI 5 Evasion (%) 61 Targeting Accuracy 6 Recoil Reduction 2 Particle Charging 15 Item Schematics ----------------- None Robot Schematics ------------------ None Fabricated ------------ Nothing Alien Tech Used ----------------- None Achievements -------------- None Challenges ------------ None RPGLIKE | -11 -10 -10 -10 -9 -8 -8 -7 --------- Run | Scr Mat Min Exi Min Mat Gar Fac Levels Raised 8 | . . 1 . 1 2 3 1 XP Earned 15410 | 3000 860 1800 200 1578 2781 3430 1761 XP Spent 11580 | 2950 . 750 . 1670 1310 4900 . Upgrades 23 | 9 . 1 . 5 4 4 . Propulsion Slot 1 | 1 . . . . . . . Utility Slot 5 | 1 . . . 1 1 2 . Weapon Slot 2 | 1 . . . . . 1 . Heat Dissipation 3 | . . . . . 3 . . Mass Support 2 | 1 . . . 1 . . . Inventory Capacity 4 | 2 . 1 . . . 1 . Sensor Range 1 | 1 . . . . . . . Terrain Scan Density 3 | . . . . 3 . . . Ranged Accuracy 1 | 1 . . . . . . . KI Resistance % 1 | 1 . . . . . . . Protomatter Created 443 | . 67 148 . 100 . 128 . Integrity Restored 1147 | . 135 234 . 380 152 246 . Core 1001 | . 109 234 . 269 143 246 . Parts 146 | . 26 . . 111 9 . . Protomatter Decayed 95 | . 16 25 . 8 . 46 . Game ------ Seed MyomerSuspensionMinigun Manual? 0 Play Time 00:37:58 Cumulative 361.4 hours Start 2020.01.10 @ 00:58:00 End 2020.01.10 @ 01:33:38 Sessions 1 Manual Loads 0 Difficulty Rogue Special Mode Winter2019/RPGLIKE Game No. 140 Rogue 140 Adventurer 0 Explorer 0 Win Type - Total 12 Types 8/1/1/2/0/0/0 Lore% 88 Gallery% 85 Achievement% 67 Wizard Run 0 Options --------- ASCII 0 Keyboard 0 Movement Numpad Keybinds 0 Fullscreen 0 Font 14/Dina Map View 76x50 Tactical HUD 1 Map Filters NONE Filters NONE Steam 1 RUN: 7b5a8418-3d03-4c98-9b85-84750c7053a7